Jets vs Wild
(R1)
Created - 5 mars 2015 at 19:52
Goals
|
Jets |
3 |
0 |
2 |
5 |
Wild |
0 |
3 |
0 |
3 |
|
Shots
|
Jets |
14 |
6 |
14 |
34 |
Wild |
11 |
13 |
7 |
31 |
|
1st period
1. Jets , Mikko Koivu 20 (Jussi Jokinen, Marek Zidlicky) at 14:17
2. Jets , Benoit Pouliot 41 (Dmitri Kalinin, Marek Zidlicky) at 18:31 (PP)
3. Jets , Dmitri Kalinin 5 (Derek Roy, Benoit Pouliot) at 18:59
Penalties :
Marek Zidlicky (Win) for Hooking (Minor) at 8:03, Vaclav Varada (Win) for Hooking (Minor) at 15:22, Dmitri Kalinin (Win) for Tripping (Minor) at 15:40, Toni Lydman (Min) for Tripping (Minor) at 18:06, Daniel Briere (Min) for Slashing (Minor) at 19:05
2nd period
4. Wild , Chris Drury 24 (Daniel Briere, Mark Eaton) at 2:54 (PP)
5. Wild , Chris Drury 25 (Kristopher Letang) at 4:17
6. Wild , Anson Carter 12 (Fedor Tyutin) at 17:58
Penalties :
Dmitri Kalinin (Win) for Cross-checking (Minor) at 2:41, Derek Roy (Win) for Hooking (Minor) at 7:33, Zbynek Michalek (Win) for Holding (Minor) at 9:46, Dustin Brown (Win) for Interference (Minor) at 19:22
3rd period
7. Jets , Greg Campbell 11 (Zbynek Michalek, Tom Preissing) at 8:47
8. Jets , Dustin Brown 26 (Adam Pardy, Darroll Powe) at 13:22
Penalties :
Adam Pardy (Win) for Roughing (Minor) at 5:55, Adam Pardy (Win) for High sticking (Minor) at 10:57, Jussi Jokinen (Win) for Elbowing (Minor) at 17:43
Goalie Stats
Maxime Daigneault (Win), 28 saves from 31 shots - (0,903), W, 21-19-3, 60:00 minutes
Martin Brodeur (Min), 29 saves from 34 shots - (0,853), L, 30-22-4, 60:00 minutes
Players Stats for Jets
Player Name G A P +/- PIM S H SB GA TA FO MP PP MP PK MP
------------------------------------------------------------------------------------
Adam Pardy 0 1 1 1 4 1 1 4 0 1 0/0 22:05 0:23 7:47
Benoit Pouliot 1 1 2 0 0 7 3 0 0 0 0/0 17:43 1:31 1:44
Darroll Powe 0 1 1 0 0 1 2 0 0 0 10/19 18:54 0:00 9:12
Derek Roy 0 1 1 0 2 2 2 1 0 0 13/21 14:42 0:53 0:16
Dmitri Kalinin 1 1 2 0 4 4 4 1 0 4 0/0 27:59 2:01 9:27
Dustin Brown 1 0 1 2 2 5 2 2 1 1 0/1 23:54 1:31 7:13
Eric Fehr 0 0 0 0 0 0 0 0 0 0 0/0 0:00 0:00 0:00
Fredrik Sjostrom 0 0 0 1 0 2 0 0 0 0 0/1 10:22 0:00 3:03
Garnet Exelby 0 0 0 0 0 0 0 1 0 0 0/0 20:42 0:23 7:10
Greg Campbell 1 0 1 1 0 1 2 0 0 0 1/5 11:39 0:00 5:06
Jussi Jokinen 0 1 1 1 2 3 0 0 1 0 0/0 12:00 0:53 0:00
Kristian Huselius 0 0 0 -1 0 0 0 0 0 1 0/0 8:42 0:00 0:00
Marek Zidlicky 0 2 2 1 2 3 2 3 0 1 0/0 26:19 2:01 7:16
Mikko Koivu 1 0 1 1 0 2 4 2 0 0 6/14 17:34 1:31 4:31
Ryan Callahan 0 0 0 1 0 1 0 0 1 1 0/2 16:15 0:53 0:00
Tom Preissing 0 1 1 2 0 1 0 0 0 1 0/0 12:49 0:00 0:53
Vaclav Varada 0 0 0 -1 2 1 0 0 0 0 0/0 8:41 0:00 0:00
Zbynek Michalek 0 1 1 1 2 0 0 0 0 2 0/0 11:26 0:00 0:12
Players Stats for Wild
Player Name G A P +/- PIM S H SB GA TA FO MP PP MP PK MP
------------------------------------------------------------------------------------
Alexei Kovalev 0 0 0 -1 0 3 4 0 0 0 1/2 17:09 7:00 0:00
Anson Carter 1 0 1 1 0 2 1 0 0 0 0/0 7:31 0:00 0:00
Chris Drury 2 0 2 -1 0 9 2 0 1 0 15/33 22:43 9:10 0:09
Cody McLeod 0 0 0 1 0 0 1 0 1 0 0/0 8:12 0:19 0:09
Daniel Briere 0 1 1 -1 2 3 3 3 2 1 0/0 22:53 9:23 0:00
Fedor Tyutin 0 1 1 0 0 2 4 1 1 0 0/0 26:02 8:52 0:25
Fredrik Modin 0 0 0 -1 0 0 1 2 0 0 0/0 10:33 0:00 0:31
Glen Metropolit 0 0 0 -1 0 1 0 0 0 0 5/7 12:22 0:16 1:44
Greg Zanon 0 0 0 -1 0 2 2 2 1 1 0/0 19:56 7:31 0:31
Kristopher Letang 0 1 1 0 0 1 3 2 0 0 0/0 26:34 8:52 0:31
Mark Eaton 0 1 1 -1 0 0 1 1 0 1 0/0 20:52 7:31 1:53
Matt Moulson 0 0 0 -1 0 1 4 1 0 0 0/0 16:53 6:57 0:00
Niklas Kronwall 0 0 0 -1 0 0 0 1 0 0 0/0 12:34 0:00 0:00
Pascal Dupuis 0 0 0 -1 0 1 0 2 2 0 2/2 11:53 0:00 1:44
R.J. Umberger 0 0 0 -1 0 3 2 0 1 0 1/1 22:31 9:07 0:00
Rich Peverley 0 0 0 1 0 0 1 0 1 0 3/6 8:02 0:00 0:31
Toni Lydman 0 0 0 -1 2 1 1 0 0 0 0/0 14:01 0:00 1:28
Vaclav Prospal 0 0 0 -1 0 2 1 0 2 0 6/12 16:53 6:57 0:00
3 Stars
1 - Chris Drury (Min)
2 - Benoit Pouliot (Win)
3 - Mikko Koivu (Win)
Power Play
Jets - 1 on 2 Attempt(s) - 50,00%
Wild - 1 on 10 Attempt(s) - 10,00%
Penalty Kill
Jets - 9 on 10 Attempt(s) - 90,00%
- Score 0 goal in Penalty Kill
Wild - 1 on 2 Attempt(s) - 50,00%
- Score 0 goal in Penalty Kill
Team Stat
Jets - Hits : 22 - Faceoff Wins : 30 - Blocked Shots : 14 - Penalty Minutes : 20
Wild - Hits : 31 - Faceoff Wins : 33 - Blocked Shots : 15 - Penalty Minutes : 4
Official
Referees : Lee Chris and Fraser Kerry
Linesman : Pierre Champoux and Tim Nowak
Game Notes
No Game Note
Finance
Level 1 -- Attendance: 3502 (58,37%) -- Ticket Income 437 750 $
Level 2 -- Attendance: 2828 (56,56%) -- Ticket Income 212 100 $
Level 3 -- Attendance: 960 (48,00%) -- Ticket Income 48 000 $
Level 4 -- Attendance: 1778 (44,45%) -- Ticket Income 71 120 $
Luxury Box -- Attendance: 700 (70,00%) -- Ticket Income 140 000 $
Game was played at the Forest Center'
Total Attendance: 9768 (54,27%)
Total Ticket Income: 908 970 $
Other Income: 136 346 $
Total Income: 1 045 316 $
Jets
5 vs 5 Forward
Center Left Wing Right Wing Time % Phy DF OF
1 Derek Roy Benoit Pouliot Dustin Brown 40 1 2 2
2 Mikko Koivu Jussi Jokinen Ryan Callahan 30 1 2 2
3 Greg Campbell Fredrik Sjostrom Ryan Callahan 20 1 2 2
4 Darroll Powe Kristian Huselius Vaclav Varada 10 1 2 2
5 vs 5 Defense
Defense Defense Time % Phy DF OF
1 Marek Zidlicky Dmitri Kalinin 40 1 2 2
2 Adam Pardy Garnet Exelby 30 1 2 2
3 Tom Preissing Zbynek Michalek 20 1 2 2
4 Dmitri Kalinin Adam Pardy 10 1 2 2
PowerPlay Forward
Center Left Wing Right Wing Time % Phy DF OF
1 Mikko Koivu Benoit Pouliot Dustin Brown 60 1 1 3
2 Derek Roy Jussi Jokinen Ryan Callahan 40 1 1 3
PowerPlay Defense
Defense Defense Time % Phy DF OF
1 Marek Zidlicky Dmitri Kalinin 60 1 1 3
2 Adam Pardy Garnet Exelby 40 1 1 3
Penalty Kill 4 Players Forward
Center Wing Time % Phy DF OF
1 Darroll Powe Dustin Brown 60 1 3 1
2 Greg Campbell Mikko Koivu 40 1 3 1
Penalty Kill 4 Players Defense
Defense Defense Time % Phy DF OF
1 Dmitri Kalinin Adam Pardy 60 1 4 0
2 Marek Zidlicky Garnet Exelby 40 1 4 0
Penalty Kill - 3 Players Forward
Forward Time % Phy DF OF
1 Darroll Powe 60 0 4 1
2 Greg Campbell 40 0 4 1
Penalty Kill - 3 Players Defense
Defense Defense Time % Phy DF OF
1 Dmitri Kalinin Adam Pardy 60 1 4 0
2 Garnet Exelby Marek Zidlicky 40 1 4 0
4 vs 4 Forward
Center Wing Time % Phy DF OF
1 Mikko Koivu Benoit Pouliot 60 1 2 2
2 Derek Roy Dustin Brown 40 1 2 2
4 vs 4 Defense
Defense Defense Time % Phy DF OF
1 Dmitri Kalinin Adam Pardy 60 1 2 2
2 Marek Zidlicky Garnet Exelby 40 1 2 2
Last Minutes Offensive
Center Left Wing Right Wing Defense Defense
Mikko Koivu Jussi Jokinen Dustin Brown Dmitri Kalinin Marek Zidlicky
Last Minutes Defensive
Center Left Wing Right Wing Defense Defense
Greg Campbell Benoit Pouliot Vaclav Varada Dmitri Kalinin Adam Pardy
Goaltenders
Starting : Maxime Daigneault
Backup : Ilya Bryzgalov
Extra Forwards
Normal : Greg Campbell, Mikko Koivu, Fredrik Sjostrom - PP : Greg Campbell, Dustin Brown - PK : Fredrik Sjostrom
Extra Defensemen
Normal : Adam Pardy, Dmitri Kalinin, Marek Zidlicky - PP : Dmitri Kalinin - PK : Marek Zidlicky, Dmitri Kalinin
Penalty Shots
Benoit Pouliot, Jussi Jokinen, Mikko Koivu, Greg Campbell, Dustin Brown
Wild
5 vs 5 Forward
Center Left Wing Right Wing Time % Phy DF OF
1 Chris Drury R.J. Umberger Daniel Briere 40 0 1 4
2 Vaclav Prospal Matt Moulson Alexei Kovalev 30 2 0 3
3 Glen Metropolit Fredrik Modin Pascal Dupuis 20 1 1 3
4 Rich Peverley Cody McLeod Anson Carter 10 2 1 2
5 vs 5 Defense
Defense Defense Time % Phy DF OF
1 Kristopher Letang Fedor Tyutin 40 2 2 1
2 Mark Eaton Greg Zanon 30 2 2 1
3 Toni Lydman Niklas Kronwall 20 1 3 1
4 Fedor Tyutin Kristopher Letang 10 1 3 1
PowerPlay Forward
Center Left Wing Right Wing Time % Phy DF OF
1 Chris Drury R.J. Umberger Daniel Briere 60 0 0 5
2 Vaclav Prospal Matt Moulson Alexei Kovalev 40 0 0 5
PowerPlay Defense
Defense Defense Time % Phy DF OF
1 Kristopher Letang Fedor Tyutin 60 0 2 3
2 Mark Eaton Greg Zanon 40 0 2 3
Penalty Kill 4 Players Forward
Center Wing Time % Phy DF OF
1 Glen Metropolit Pascal Dupuis 60 1 3 1
2 Fredrik Modin Rich Peverley 40 1 3 1
Penalty Kill 4 Players Defense
Defense Defense Time % Phy DF OF
1 Mark Eaton Toni Lydman 60 2 3 0
2 Greg Zanon Kristopher Letang 40 2 3 0
Penalty Kill - 3 Players Forward
Forward Time % Phy DF OF
1 Glen Metropolit 60 1 4 0
2 Pascal Dupuis 40 1 4 0
Penalty Kill - 3 Players Defense
Defense Defense Time % Phy DF OF
1 Mark Eaton Toni Lydman 60 2 3 0
2 Niklas Kronwall Greg Zanon 40 2 3 0
4 vs 4 Forward
Center Wing Time % Phy DF OF
1 Daniel Briere Chris Drury 60 1 1 3
2 Vaclav Prospal R.J. Umberger 40 1 1 3
4 vs 4 Defense
Defense Defense Time % Phy DF OF
1 Kristopher Letang Fedor Tyutin 60 1 3 1
2 Mark Eaton Greg Zanon 40 1 3 1
Last Minutes Offensive
Center Left Wing Right Wing Defense Defense
Chris Drury R.J. Umberger Daniel Briere Kristopher Letang Fedor Tyutin
Last Minutes Defensive
Center Left Wing Right Wing Defense Defense
Glen Metropolit Pascal Dupuis Rich Peverley Niklas Kronwall Mark Eaton
Goaltenders
Starting : Martin Brodeur
Backup : Julien Ellis
Extra Forwards
Normal : Chris Drury, Daniel Briere, Alexei Kovalev - PP : Chris Drury, Daniel Briere - PK : Glen Metropolit
Extra Defensemen
Normal : Kristopher Letang, Fedor Tyutin, Niklas Kronwall - PP : Kristopher Letang - PK : Fedor Tyutin, Mark Eaton
Penalty Shots
Daniel Briere, Chris Drury, Vaclav Prospal, R.J. Umberger, Alexei Kovalev
% Time on Ice - Jets
Lines # - Real PCT - Wanted PCT - Time Play
Normal Forward
1 - 36% - 40% - 14:56
2 - 27% - 30% - 11:08
3 - 16% - 20% - 6:27
4 - 21% - 10% - 8:42
Normal Defense
1 - 41% - 40% - 16:58
2 - 31% - 30% - 12:39
3 - 25% - 20% - 10:13
4 - 3% - 10% - 1:23
PP Forward
1 - 63% - 60% - 1:31
2 - 37% - 40% - 0:53
PP Defense
1 - 84% - 60% - 2:01
2 - 16% - 40% - 0:23
PK Forward
1 - 69% - 60% - 10:11
2 - 31% - 40% - 4:31
PK Defense
1 - 69% - 60% - 10:05
2 - 31% - 40% - 4:37
PK3 Forward
1 - 65% - 60% - 1:06
2 - 35% - 40% - 0:35
PK3 Defense
1 - 100% - 60% - 1:41
2 - 0% - 40% - 0:00
44 Forward
1 - 0% - 60%
2 - 0% - 40%
44 Defense
1 - 0% - 60%
2 - 0% - 40%
Last Minute Offensive - 0:00
Last Minute Defensive - 0:00
Total
Forward - 60:00
Defense - 60:00
|
% Time on Ice - Wild
Lines # - Real PCT - Wanted PCT - Time Play
Normal Forward
1 - 33% - 40% - 13:44
2 - 24% - 30% - 9:56
3 - 24% - 20% - 10:02
4 - 18% - 10% - 7:31
Normal Defense
1 - 40% - 40% - 16:20
2 - 29% - 30% - 11:54
3 - 30% - 20% - 12:34
4 - 1% - 10% - 0:25
PP Forward
1 - 58% - 60% - 9:26
2 - 42% - 40% - 6:57
PP Defense
1 - 54% - 60% - 8:52
2 - 46% - 40% - 7:31
PK Forward
1 - 78% - 60% - 1:53
2 - 22% - 40% - 0:31
PK Defense
1 - 78% - 60% - 1:53
2 - 22% - 40% - 0:31
PK3 Forward
1 - 0% - 60%
2 - 0% - 40%
PK3 Defense
1 - 0% - 60%
2 - 0% - 40%
44 Forward
1 - 0% - 60%
2 - 0% - 40%
44 Defense
1 - 0% - 60%
2 - 0% - 40%
Last Minute Offensive - 0:00
Last Minute Defensive - 0:00
Total
Forward - 60:00
Defense - 60:00
|
Play by Play
1st period
0:01 of 1st period - Chris Drury wins face-off versus Dustin Brown in neutral zone.
0:10 of 1st period - Fedor Tyutin is hit by Derek Roy and loses puck.
0:25 of 1st period - Kristopher Letang is hit by Dmitri Kalinin.
0:31 of 1st period - Snap shot by Matt Moulson.
0:31 of 1st period - Deflect By Vaclav Prospal.
0:31 of 1st period - Stopped by Maxime Daigneault with a rebound.
0:33 of 1st period - Slapshot by Greg Zanon.
0:33 of 1st period - Shot Blocked by Marek Zidlicky.
0:46 of 1st period - Off-side.
0:47 of 1st period - Darroll Powe wins face-off versus Glen Metropolit in neutral zone.
1:49 of 1st period - Greg Campbell is hit by Greg Zanon and loses puck.
2:33 of 1st period - Snap shot by Fredrik Sjostrom.
2:33 of 1st period - Shot Misses the Net.
2:35 of 1st period - Slapshot by Adam Pardy.
2:35 of 1st period - Stopped by Martin Brodeur without a rebound.
2:36 of 1st period - Derek Roy wins face-off versus Chris Drury in Wild zone.
2:41 of 1st period - Wrist shot by Benoit Pouliot.
2:41 of 1st period - Stopped by Martin Brodeur without a rebound.
2:42 of 1st period - Derek Roy wins face-off versus Chris Drury in Wild zone.
2:53 of 1st period - Snap shot by Dustin Brown.
2:53 of 1st period - Shot Misses the Net.
3:01 of 1st period - Tom Preissing is hit by Daniel Briere and loses puck.
3:06 of 1st period - Snap shot by Chris Drury.
3:06 of 1st period - Stopped by Maxime Daigneault without a rebound.
3:07 of 1st period - Vaclav Prospal wins face-off versus Darroll Powe in Jets zone.
3:36 of 1st period - Snap shot by Jussi Jokinen.
3:36 of 1st period - Stopped by Martin Brodeur without a rebound.
3:37 of 1st period - Rich Peverley wins face-off versus Derek Roy in Wild zone.
4:02 of 1st period - Jussi Jokinen is hit by Kristopher Letang and loses puck.
4:11 of 1st period - Snap shot by Anson Carter.
4:11 of 1st period - Shot Misses the Net.
4:29 of 1st period - Snap shot by Anson Carter.
4:29 of 1st period - Shot Misses the Net.
4:31 of 1st period - Slapshot by Kristopher Letang.
4:31 of 1st period - Stopped by Maxime Daigneault without a rebound.
4:32 of 1st period - Chris Drury wins face-off versus Derek Roy in Jets zone.
4:49 of 1st period - Snap shot by Daniel Briere.
4:49 of 1st period - Shot Blocked by Derek Roy.
5:03 of 1st period - Adam Pardy is hit by Alexei Kovalev and loses puck.
5:26 of 1st period - Wrist shot by Ryan Callahan.
5:26 of 1st period - Shot Misses the Net.
5:28 of 1st period - Slapshot by Dmitri Kalinin.
5:28 of 1st period - Stopped by Martin Brodeur with a rebound.
5:30 of 1st period - Wrist shot by Adam Pardy.
5:30 of 1st period - Shot Misses the Net.
5:32 of 1st period - Slapshot by Ryan Callahan.
5:32 of 1st period - Stopped by Martin Brodeur with a rebound.
5:34 of 1st period - Wrist shot by Ryan Callahan.
5:34 of 1st period - Shot Blocked by Pascal Dupuis.
5:50 of 1st period - Snap shot by Mikko Koivu.
5:50 of 1st period - Shot Misses the Net.
6:02 of 1st period - Niklas Kronwall is hit by Benoit Pouliot and loses puck.
6:45 of 1st period - Wrist shot by Vaclav Prospal.
6:45 of 1st period - Shot Blocked by Mikko Koivu.
6:47 of 1st period - Slapshot by Toni Lydman.
6:47 of 1st period - Shot Misses the Net.
6:49 of 1st period - Wrist shot by Toni Lydman.
6:49 of 1st period - Deflect By Jussi Jokinen.
6:49 of 1st period - Stopped by Maxime Daigneault with a rebound.
6:51 of 1st period - Slapshot by Alexei Kovalev.
6:51 of 1st period - Shot Misses the Net.
7:01 of 1st period - Snap shot by Anson Carter.
7:01 of 1st period - Deflect By Dustin Brown.
7:01 of 1st period - Shot Blocked by Dustin Brown.
7:01 of 1st period - Puck is out of play.
7:02 of 1st period - Derek Roy wins face-off versus Rich Peverley in Jets zone.
7:35 of 1st period - Wrist shot by Chris Drury.
7:35 of 1st period - Stopped by Maxime Daigneault without a rebound.
7:36 of 1st period - Derek Roy wins face-off versus Chris Drury in Jets zone.
7:36 of 1st period - Derek Roy is hit by Daniel Briere.
8:03 of 1st period - Minor Penalty to Marek Zidlicky for Hooking.
8:04 of 1st period - Chris Drury wins face-off versus Darroll Powe in Jets zone.
8:11 of 1st period - Wrist shot by Chris Drury.
8:11 of 1st period - Stopped by Maxime Daigneault without a rebound.
8:12 of 1st period - Darroll Powe wins face-off versus Chris Drury in Jets zone.
8:45 of 1st period - Slapshot by Alexei Kovalev.
8:45 of 1st period - Stopped by Maxime Daigneault without a rebound.
8:46 of 1st period - Darroll Powe wins face-off versus Vaclav Prospal in Jets zone.
9:01 of 1st period - Snap shot by Matt Moulson.
9:01 of 1st period - Shot Misses the Net.
9:36 of 1st period - Greg Zanon is hit by Dmitri Kalinin and loses puck.
10:03 of 1st period - Penalty to Marek Zidlicky is over, Marek Zidlicky is back on ice.
10:04 of 1st period - R.J. Umberger is hit by Benoit Pouliot and loses puck.
10:13 of 1st period - Wrist shot by Fredrik Sjostrom.
10:13 of 1st period - Stopped by Martin Brodeur with a rebound.
10:21 of 1st period - Fedor Tyutin is hit by Marek Zidlicky and loses puck.
10:26 of 1st period - Snap shot by Marek Zidlicky.
10:26 of 1st period - Stopped by Martin Brodeur without a rebound.
10:27 of 1st period - Rich Peverley wins face-off versus Mikko Koivu in Wild zone.
11:21 of 1st period - Dustin Brown is hit by Matt Moulson and loses puck.
11:34 of 1st period - Snap shot by Daniel Briere.
11:34 of 1st period - Shot Misses the Net.
11:38 of 1st period - Snap shot by Daniel Briere.
11:38 of 1st period - Stopped by Maxime Daigneault with a rebound.
11:40 of 1st period - Slapshot by Greg Zanon.
11:40 of 1st period - Shot Blocked by Adam Pardy.
11:42 of 1st period - Snap shot by R.J. Umberger.
11:42 of 1st period - Shot Blocked by Adam Pardy.
11:56 of 1st period - Backhand shot by Mikko Koivu.
11:56 of 1st period - Shot Misses the Net.
12:14 of 1st period - Snap shot by Matt Moulson.
12:14 of 1st period - Shot Misses the Net.
12:24 of 1st period - Snap shot by Darroll Powe.
12:24 of 1st period - Shot Misses the Net.
12:43 of 1st period - Slapshot by Daniel Briere.
12:43 of 1st period - Shot Blocked by Dmitri Kalinin.
13:00 of 1st period - Icing by Jussi Jokinen.
13:01 of 1st period - Vaclav Prospal wins face-off versus Mikko Koivu in Jets zone.
13:50 of 1st period - Wrist shot by Jussi Jokinen.
13:50 of 1st period - Shot Blocked by Greg Zanon.
13:52 of 1st period - Wrist shot by Jussi Jokinen.
13:52 of 1st period - Shot Blocked by Daniel Briere.
13:54 of 1st period - Slapshot by Marek Zidlicky.
13:54 of 1st period - Shot Misses the Net.
13:56 of 1st period - Snap shot by Dustin Brown.
13:56 of 1st period - Shot Blocked by Mark Eaton.
14:04 of 1st period - Dustin Brown is hit by Daniel Briere and loses puck.
14:17 of 1st period - Snap shot by Mikko Koivu.
14:17 of 1st period - Goal by Mikko Koivu - Jets : 1 - Wild : 0.
14:18 of 1st period - Greg Campbell wins face-off versus Vaclav Prospal in neutral zone.
15:22 of 1st period - Minor Penalty to Vaclav Varada for Hooking.
15:23 of 1st period - Chris Drury wins face-off versus Darroll Powe in Jets zone.
15:26 of 1st period - Snap shot by Chris Drury.
15:26 of 1st period - Stopped by Maxime Daigneault without a rebound.
15:27 of 1st period - Chris Drury wins face-off versus Darroll Powe in Jets zone.
15:34 of 1st period - Backhand shot by Daniel Briere.
15:34 of 1st period - Shot Blocked by Adam Pardy.
15:36 of 1st period - Snap shot by Daniel Briere.
15:36 of 1st period - Stopped by Maxime Daigneault without a rebound.
15:37 of 1st period - Darroll Powe wins face-off versus Chris Drury in Jets zone.
15:37 of 1st period - Darroll Powe is hit by Chris Drury.
15:40 of 1st period - Minor Penalty to Dmitri Kalinin for Tripping.
15:41 of 1st period - Chris Drury wins face-off versus Darroll Powe in Jets zone.
16:17 of 1st period - Darroll Powe is hit by Matt Moulson and loses puck.
16:29 of 1st period - Icing by Chris Drury.
16:30 of 1st period - Chris Drury wins face-off versus Greg Campbell in Wild zone.
17:22 of 1st period - Penalty to Vaclav Varada is over, Vaclav Varada is back on ice.
17:40 of 1st period - Penalty to Dmitri Kalinin is over, Dmitri Kalinin is back on ice.
18:06 of 1st period - Minor Penalty to Toni Lydman for Tripping.
18:07 of 1st period - Glen Metropolit wins face-off versus Mikko Koivu in Wild zone.
18:07 of 1st period - Glen Metropolit is hit by Mikko Koivu.
18:17 of 1st period - Slapshot by Glen Metropolit.
18:17 of 1st period - Stopped by Maxime Daigneault without a rebound.
18:18 of 1st period - Pascal Dupuis wins face-off versus Mikko Koivu in Jets zone.
18:29 of 1st period - Slapshot by Dmitri Kalinin.
18:29 of 1st period - Shot Misses the Net.
18:31 of 1st period - Snap shot by Benoit Pouliot.
18:31 of 1st period - Goal by Benoit Pouliot - Jets : 2 - Wild : 0.
18:32 of 1st period - Derek Roy wins face-off versus Chris Drury in neutral zone.
18:37 of 1st period - Snap shot by Dustin Brown.
18:37 of 1st period - Shot Blocked by Fedor Tyutin.
18:39 of 1st period - Slapshot by Dmitri Kalinin.
18:39 of 1st period - Shot Misses the Net.
18:41 of 1st period - Wrist shot by Dustin Brown.
18:41 of 1st period - Shot Misses the Net.
18:43 of 1st period - Slapshot by Dmitri Kalinin.
18:43 of 1st period - Stopped by Martin Brodeur without a rebound.
18:44 of 1st period - Derek Roy wins face-off versus Chris Drury in Wild zone.
18:45 of 1st period - Wrist shot by Dustin Brown.
18:45 of 1st period - Stopped by Martin Brodeur with a rebound.
18:47 of 1st period - Slapshot by Dustin Brown.
18:47 of 1st period - Stopped by Martin Brodeur without a rebound.
18:48 of 1st period - Derek Roy wins face-off versus Chris Drury in Wild zone.
18:57 of 1st period - Slapshot by Derek Roy.
18:57 of 1st period - Stopped by Martin Brodeur with a rebound.
18:59 of 1st period - Slapshot by Dmitri Kalinin.
18:59 of 1st period - Goal by Dmitri Kalinin - Jets : 3 - Wild : 0.
19:00 of 1st period - Derek Roy wins face-off versus Chris Drury in neutral zone.
19:03 of 1st period - Slapshot by Marek Zidlicky.
19:03 of 1st period - Shot Misses the Net.
19:05 of 1st period - Minor Penalty to Daniel Briere for Slashing.
19:06 of 1st period - Mikko Koivu wins face-off versus Glen Metropolit in Wild zone.
19:07 of 1st period - Slapshot by Benoit Pouliot.
19:07 of 1st period - Shot Misses the Net.
19:12 of 1st period - Off-side.
19:13 of 1st period - Glen Metropolit wins face-off versus Mikko Koivu in neutral zone.
Goals for this period are 3 for Jets vs 0 for Wild.
Shots for this period are 14 for Jets vs 11 for Wild.
2nd period
0:01 of 2nd period - Glen Metropolit wins face-off versus Mikko Koivu in neutral zone.
0:08 of 2nd period - Wrist shot by Pascal Dupuis.
0:08 of 2nd period - Stopped by Maxime Daigneault with a rebound.
1:05 of 2nd period - Penalty to Daniel Briere is over, Daniel Briere is back on ice.
1:15 of 2nd period - Slapshot by Kristopher Letang.
1:15 of 2nd period - Shot Misses the Net.
1:17 of 2nd period - Wrist shot by Matt Moulson.
1:17 of 2nd period - Stopped by Maxime Daigneault with a rebound.
1:19 of 2nd period - Snap shot by Matt Moulson.
1:19 of 2nd period - Shot Blocked by Adam Pardy.
1:21 of 2nd period - Slapshot by Greg Zanon.
1:21 of 2nd period - Stopped by Maxime Daigneault with a rebound.
1:23 of 2nd period - Slapshot by Kristopher Letang.
1:23 of 2nd period - Shot Blocked by Garnet Exelby.
1:52 of 2nd period - Dustin Brown is hit by Toni Lydman and loses puck.
2:41 of 2nd period - Minor Penalty to Dmitri Kalinin for Cross-checking.
2:42 of 2nd period - Darroll Powe wins face-off versus Chris Drury in Jets zone.
2:42 of 2nd period - Darroll Powe is hit by Greg Zanon.
2:54 of 2nd period - Snap shot by Chris Drury.
2:54 of 2nd period - Goal by Chris Drury - Jets : 3 - Wild : 1.
2:55 of 2nd period - R.J. Umberger wins face-off versus Derek Roy in neutral zone.
3:00 of 2nd period - Wrist shot by Daniel Briere.
3:00 of 2nd period - Shot Misses the Net.
3:02 of 2nd period - Wrist shot by Chris Drury.
3:02 of 2nd period - Shot Blocked by Marek Zidlicky.
3:04 of 2nd period - Slapshot by Kristopher Letang.
3:04 of 2nd period - Deflect By R.J. Umberger.
3:04 of 2nd period - Stopped by Maxime Daigneault without a rebound.
3:05 of 2nd period - Derek Roy wins face-off versus Chris Drury in Jets zone.
3:50 of 2nd period - Snap shot by Benoit Pouliot.
3:50 of 2nd period - Deflect By Derek Roy.
3:50 of 2nd period - Stopped by Martin Brodeur with a rebound.
4:00 of 2nd period - Slapshot by Benoit Pouliot.
4:00 of 2nd period - Shot Misses the Net.
4:08 of 2nd period - Dustin Brown is hit by R.J. Umberger and loses puck.
4:13 of 2nd period - Wrist shot by Chris Drury.
4:13 of 2nd period - Stopped by Maxime Daigneault with a rebound.
4:15 of 2nd period - Snap shot by Chris Drury.
4:15 of 2nd period - Shot Misses the Net.
4:17 of 2nd period - Snap shot by Chris Drury.
4:17 of 2nd period - Goal by Chris Drury - Jets : 3 - Wild : 2.
4:18 of 2nd period - Vaclav Prospal wins face-off versus Mikko Koivu in neutral zone.
4:21 of 2nd period - Ryan Callahan is hit by Alexei Kovalev and loses puck.
4:44 of 2nd period - Mark Eaton is hit by Darroll Powe and loses puck.
5:07 of 2nd period - Greg Campbell is hit by Rich Peverley and loses puck.
5:42 of 2nd period - Vaclav Varada is hit by Fedor Tyutin and loses puck.
5:57 of 2nd period - Wrist shot by Dustin Brown.
5:57 of 2nd period - Stopped by Martin Brodeur with a rebound.
6:27 of 2nd period - Slapshot by Anson Carter.
6:27 of 2nd period - Stopped by Maxime Daigneault without a rebound.
6:28 of 2nd period - Rich Peverley wins face-off versus Greg Campbell in Jets zone.
6:55 of 2nd period - Dustin Brown is hit by Alexei Kovalev and loses puck.
7:00 of 2nd period - Snap shot by Matt Moulson.
7:00 of 2nd period - Shot Misses the Net.
7:33 of 2nd period - Minor Penalty to Derek Roy for Hooking.
7:34 of 2nd period - Darroll Powe wins face-off versus Chris Drury in Jets zone.
7:34 of 2nd period - Darroll Powe is hit by Kristopher Letang.
8:00 of 2nd period - Adam Pardy is hit by Matt Moulson.
8:10 of 2nd period - Greg Campbell is hit by Kristopher Letang and loses puck.
9:33 of 2nd period - Penalty to Derek Roy is over, Derek Roy is back on ice.
9:46 of 2nd period - Minor Penalty to Zbynek Michalek for Holding.
9:47 of 2nd period - Darroll Powe wins face-off versus Chris Drury in Jets zone.
9:53 of 2nd period - Slapshot by Daniel Briere.
9:53 of 2nd period - Shot Misses the Net.
9:55 of 2nd period - Slapshot by Greg Zanon.
9:55 of 2nd period - Stopped by Maxime Daigneault with a rebound.
9:57 of 2nd period - Snap shot by Chris Drury.
9:57 of 2nd period - Shot Misses the Net.
11:46 of 2nd period - Penalty to Zbynek Michalek is over, Zbynek Michalek is back on ice.
12:00 of 2nd period - Fredrik Sjostrom is hit by Mark Eaton and loses puck.
12:15 of 2nd period - Wrist shot by Benoit Pouliot.
12:15 of 2nd period - Deflect By Darroll Powe.
12:15 of 2nd period - Stopped by Martin Brodeur with a rebound.
12:19 of 2nd period - Snap shot by Benoit Pouliot.
12:19 of 2nd period - Deflect By Fredrik Sjostrom.
12:19 of 2nd period - Shot Blocked by Greg Zanon.
12:19 of 2nd period - Puck is out of play.
12:20 of 2nd period - Pascal Dupuis wins face-off versus Ryan Callahan in Wild zone.
12:25 of 2nd period - Backhand shot by Fedor Tyutin.
12:25 of 2nd period - Stopped by Maxime Daigneault without a rebound.
12:26 of 2nd period - Glen Metropolit wins face-off versus Ryan Callahan in Jets zone.
12:27 of 2nd period - Wrist shot by Pascal Dupuis.
12:27 of 2nd period - Shot Blocked by Marek Zidlicky.
13:13 of 2nd period - Slapshot by Alexei Kovalev.
13:13 of 2nd period - Stopped by Maxime Daigneault with a rebound.
14:52 of 2nd period - Mikko Koivu is hit by Fedor Tyutin and loses puck.
15:07 of 2nd period - Kristian Huselius is hit by Cody McLeod and loses puck.
15:28 of 2nd period - Wrist shot by Pascal Dupuis.
15:28 of 2nd period - Shot Misses the Net.
16:01 of 2nd period - Chris Drury is hit by Darroll Powe and loses puck.
16:51 of 2nd period - Kristopher Letang is hit by Adam Pardy and loses puck.
17:53 of 2nd period - Kristian Huselius is hit by Anson Carter and loses puck.
17:58 of 2nd period - Wrist shot by Anson Carter.
17:58 of 2nd period - Goal by Anson Carter - Jets : 3 - Wild : 3.
17:59 of 2nd period - Derek Roy wins face-off versus Chris Drury in neutral zone.
18:06 of 2nd period - Snap shot by Benoit Pouliot.
18:06 of 2nd period - Stopped by Martin Brodeur with a rebound.
18:08 of 2nd period - Snap shot by Dustin Brown.
18:08 of 2nd period - Stopped by Martin Brodeur without a rebound.
18:09 of 2nd period - Chris Drury wins face-off versus Derek Roy in Wild zone.
18:36 of 2nd period - Wrist shot by Daniel Briere.
18:36 of 2nd period - Stopped by Maxime Daigneault without a rebound.
18:37 of 2nd period - Mikko Koivu wins face-off versus Vaclav Prospal in Jets zone.
18:50 of 2nd period - Snap shot by Alexei Kovalev.
18:50 of 2nd period - Shot Blocked by Mikko Koivu.
19:11 of 2nd period - Wrist shot by Pascal Dupuis.
19:11 of 2nd period - Shot Misses the Net.
19:22 of 2nd period - Minor Penalty to Dustin Brown for Interference.
19:23 of 2nd period - Darroll Powe wins face-off versus Chris Drury in Jets zone.
19:27 of 2nd period - Fedor Tyutin is hit by Dmitri Kalinin and loses puck.
19:38 of 2nd period - Snap shot by Fredrik Sjostrom.
19:38 of 2nd period - Stopped by Martin Brodeur with a rebound.
Goals for this period are 0 for Jets vs 3 for Wild.
Shots for this period are 6 for Jets vs 13 for Wild.
3rd period
0:01 of 3rd period - Chris Drury wins face-off versus Darroll Powe in neutral zone.
0:04 of 3rd period - Darroll Powe is hit by Fedor Tyutin and loses puck.
0:21 of 3rd period - Adam Pardy is hit by R.J. Umberger and loses puck.
1:22 of 3rd period - Penalty to Dustin Brown is over, Dustin Brown is back on ice.
1:29 of 3rd period - Off-side.
1:30 of 3rd period - Mikko Koivu wins face-off versus Rich Peverley in neutral zone.
1:41 of 3rd period - Slapshot by Toni Lydman.
1:41 of 3rd period - Shot Misses the Net.
1:45 of 3rd period - Snap shot by Cody McLeod.
1:45 of 3rd period - Shot Misses the Net.
1:55 of 3rd period - Toni Lydman is hit by Dustin Brown and loses puck.
2:13 of 3rd period - Off-side.
2:14 of 3rd period - Glen Metropolit wins face-off versus Darroll Powe in neutral zone.
2:29 of 3rd period - Snap shot by Darroll Powe.
2:29 of 3rd period - Shot Misses the Net.
2:49 of 3rd period - Wrist shot by Chris Drury.
2:49 of 3rd period - Shot Misses the Net.
3:01 of 3rd period - Dmitri Kalinin is hit by Matt Moulson and loses puck.
4:08 of 3rd period - Daniel Briere is hit by Dustin Brown.
4:09 of 3rd period - Icing by Daniel Briere.
4:10 of 3rd period - Mikko Koivu wins face-off versus Chris Drury in Wild zone.
4:11 of 3rd period - Snap shot by Jussi Jokinen.
4:11 of 3rd period - Deflect By Toni Lydman.
4:11 of 3rd period - Shot Misses the Net.
4:11 of 3rd period - Puck is out of play.
4:12 of 3rd period - Chris Drury wins face-off versus Mikko Koivu in Wild zone.
4:12 of 3rd period - Chris Drury is hit by Mikko Koivu.
4:29 of 3rd period - Slapshot by Fedor Tyutin.
4:29 of 3rd period - Stopped by Maxime Daigneault without a rebound.
4:30 of 3rd period - Vaclav Prospal wins face-off versus Derek Roy in Jets zone.
4:35 of 3rd period - Wrist shot by Vaclav Prospal.
4:35 of 3rd period - Shot Blocked by Dustin Brown.
5:21 of 3rd period - Snap shot by Kristian Huselius.
5:21 of 3rd period - Deflect By Darroll Powe.
5:21 of 3rd period - Shot Blocked by Pascal Dupuis.
5:21 of 3rd period - Puck is out of play.
5:22 of 3rd period - Darroll Powe wins face-off versus Vaclav Prospal in Wild zone.
5:55 of 3rd period - Minor Penalty to Adam Pardy for Roughing.
5:56 of 3rd period - Darroll Powe wins face-off versus Chris Drury in Jets zone.
5:56 of 3rd period - Darroll Powe is hit by Fedor Tyutin.
7:55 of 3rd period - Penalty to Adam Pardy is over, Adam Pardy is back on ice.
8:47 of 3rd period - Snap shot by Greg Campbell.
8:47 of 3rd period - Goal by Greg Campbell - Jets : 4 - Wild : 3.
8:48 of 3rd period - Derek Roy wins face-off versus Chris Drury in neutral zone.
8:57 of 3rd period - Snap shot by Benoit Pouliot.
8:57 of 3rd period - Stopped by Martin Brodeur with a rebound.
8:59 of 3rd period - Slapshot by Dmitri Kalinin.
8:59 of 3rd period - Stopped by Martin Brodeur with a rebound.
9:01 of 3rd period - Wrist shot by Dustin Brown.
9:01 of 3rd period - Shot Misses the Net.
9:03 of 3rd period - Snap shot by Marek Zidlicky.
9:03 of 3rd period - Stopped by Martin Brodeur without a rebound.
9:04 of 3rd period - Mikko Koivu wins face-off versus Vaclav Prospal in Wild zone.
9:53 of 3rd period - Glen Metropolit is hit by Greg Campbell and loses puck.
10:10 of 3rd period - Slapshot by Benoit Pouliot.
10:10 of 3rd period - Stopped by Martin Brodeur without a rebound.
10:11 of 3rd period - Derek Roy wins face-off versus Rich Peverley in Wild zone.
10:20 of 3rd period - Snap shot by Benoit Pouliot.
10:20 of 3rd period - Stopped by Martin Brodeur without a rebound.
10:21 of 3rd period - Chris Drury wins face-off versus Derek Roy in Wild zone.
10:21 of 3rd period - Chris Drury is hit by Derek Roy.
10:24 of 3rd period - Toni Lydman is hit by Dmitri Kalinin and loses puck.
10:29 of 3rd period - Chris Drury is hit by Benoit Pouliot and loses puck.
10:54 of 3rd period - Wrist shot by Vaclav Prospal.
10:54 of 3rd period - Stopped by Maxime Daigneault without a rebound.
10:55 of 3rd period - Derek Roy wins face-off versus Vaclav Prospal in Jets zone.
10:57 of 3rd period - Minor Penalty to Adam Pardy for High sticking.
10:58 of 3rd period - Chris Drury wins face-off versus Darroll Powe in Jets zone.
11:24 of 3rd period - Marek Zidlicky is hit by Vaclav Prospal and loses puck.
11:55 of 3rd period - Snap shot by R.J. Umberger.
11:55 of 3rd period - Stopped by Maxime Daigneault without a rebound.
11:56 of 3rd period - Chris Drury wins face-off versus Greg Campbell in Jets zone.
11:57 of 3rd period - Wrist shot by Daniel Briere.
11:57 of 3rd period - Deflect By Chris Drury.
11:57 of 3rd period - Stopped by Maxime Daigneault with a rebound.
12:19 of 3rd period - Chris Drury is hit by Mikko Koivu and loses puck.
12:57 of 3rd period - Penalty to Adam Pardy is over, Adam Pardy is back on ice.
13:02 of 3rd period - Slapshot by Greg Zanon.
13:02 of 3rd period - Deflect By Alexei Kovalev.
13:02 of 3rd period - Stopped by Maxime Daigneault with a rebound.
13:14 of 3rd period - Snap shot by Dustin Brown.
13:14 of 3rd period - Shot Misses the Net.
13:16 of 3rd period - Slapshot by Marek Zidlicky.
13:16 of 3rd period - Stopped by Martin Brodeur with a rebound.
13:20 of 3rd period - Wrist shot by Dustin Brown.
13:20 of 3rd period - Shot Blocked by Matt Moulson.
13:22 of 3rd period - Slapshot by Adam Pardy.
13:22 of 3rd period - Deflect By Dustin Brown.
13:22 of 3rd period - Goal by Dustin Brown - Jets : 5 - Wild : 3.
13:23 of 3rd period - Mikko Koivu wins face-off versus Alexei Kovalev in neutral zone.
13:48 of 3rd period - Tom Preissing is hit by Fredrik Modin and loses puck.
14:11 of 3rd period - Off-side.
14:12 of 3rd period - Chris Drury wins face-off versus Greg Campbell in neutral zone.
14:28 of 3rd period - Wrist shot by Chris Drury.
14:28 of 3rd period - Stopped by Maxime Daigneault without a rebound.
14:29 of 3rd period - Alexei Kovalev wins face-off versus Derek Roy in Jets zone.
14:56 of 3rd period - Chris Drury is hit by Marek Zidlicky and loses puck.
15:45 of 3rd period - Zbynek Michalek is hit by Alexei Kovalev and loses puck.
15:52 of 3rd period - Snap shot by Dustin Brown.
15:52 of 3rd period - Deflect By Benoit Pouliot.
15:52 of 3rd period - Stopped by Martin Brodeur with a rebound.
16:38 of 3rd period - Snap shot by Jussi Jokinen.
16:38 of 3rd period - Stopped by Martin Brodeur with a rebound.
16:40 of 3rd period - Wrist shot by Adam Pardy.
16:40 of 3rd period - Shot Blocked by Fredrik Modin.
16:42 of 3rd period - Snap shot by Ryan Callahan.
16:42 of 3rd period - Shot Blocked by Fredrik Modin.
16:44 of 3rd period - Slapshot by Garnet Exelby.
16:44 of 3rd period - Deflect By Jussi Jokinen.
16:44 of 3rd period - Stopped by Martin Brodeur with a rebound.
16:46 of 3rd period - Snap shot by Mikko Koivu.
16:46 of 3rd period - Stopped by Martin Brodeur with a rebound.
16:48 of 3rd period - Wrist shot by Mikko Koivu.
16:48 of 3rd period - Deflect By Jussi Jokinen.
16:48 of 3rd period - Shot Blocked by Kristopher Letang.
16:48 of 3rd period - Puck is out of play.
16:49 of 3rd period - Chris Drury wins face-off versus Derek Roy in Wild zone.
16:54 of 3rd period - Snap shot by R.J. Umberger.
16:54 of 3rd period - Deflect By Dmitri Kalinin.
16:54 of 3rd period - Stopped by Maxime Daigneault with a rebound.
17:02 of 3rd period - Slapshot by Marek Zidlicky.
17:02 of 3rd period - Shot Blocked by Niklas Kronwall.
17:04 of 3rd period - Slapshot by Marek Zidlicky.
17:04 of 3rd period - Shot Blocked by Daniel Briere.
17:22 of 3rd period - Snap shot by Kristian Huselius.
17:22 of 3rd period - Shot Blocked by Daniel Briere.
17:24 of 3rd period - Slapshot by Vaclav Varada.
17:24 of 3rd period - Shot Misses the Net.
17:26 of 3rd period - Snap shot by Tom Preissing.
17:26 of 3rd period - Shot Misses the Net.
17:28 of 3rd period - Wrist shot by Vaclav Varada.
17:28 of 3rd period - Stopped by Martin Brodeur with a rebound.
17:30 of 3rd period - Snap shot by Tom Preissing.
17:30 of 3rd period - Deflect By Daniel Briere.
17:30 of 3rd period - Stopped by Martin Brodeur with a rebound.
17:32 of 3rd period - Slapshot by Tom Preissing.
17:32 of 3rd period - Shot Misses the Net.
17:43 of 3rd period - Minor Penalty to Jussi Jokinen for Elbowing.
17:44 of 3rd period - Vaclav Prospal wins face-off versus Darroll Powe in Jets zone.
18:10 of 3rd period - Fedor Tyutin is hit by Greg Campbell and loses puck.
18:15 of 3rd period - Snap shot by Greg Campbell.
18:15 of 3rd period - Shot Blocked by Kristopher Letang.
18:58 of 3rd period - Icing by Mark Eaton.
18:59 of 3rd period - Vaclav Prospal wins face-off versus Fredrik Sjostrom in Wild zone.
19:18 of 3rd period - Greg Zanon is hit by Mikko Koivu.
19:36 of 3rd period - Marek Zidlicky is hit by Chris Drury and loses puck.
19:43 of 3rd period - Penalty to Jussi Jokinen is over, Jussi Jokinen is back on ice.
Goals for this period are 2 for Jets vs 0 for Wild.
Shots for this period are 14 for Jets vs 7 for Wild.
Output by the SimonT Hockey Simulator (STHS) for François Prévost -- Original Page W3C XHTML 1.0 Valid